 Dungeon Crawl Stone Soup version 0.28-a0-1429-gf3d713df7a (webtiles) character file.

Game seed: 13040658026150341556

41 zap2161 the Cutter (level 3, -3/24 HPs)
             Began as a Kobold Berserker on Jan 8, 2022.
             Was a Follower of Trog.
             Slain by a scorpion zombie (4 damage)
             ... on level 3 of the Dungeon.
             The game lasted 00:09:34 (1262 turns).

zap2161 the Cutter (Kobold Berserker)               Turns: 1262, Time: 00:09:34

Health: -3/24      AC:  2    Str: 14    XL:     3   Next: 75%
Magic:  3/3        EV: 15    Int:  8    God:    Trog [*.....]
Gold:   130        SH:  0    Dex: 16    Spells: 2/2 levels left

rFire   . . .      SeeInvis .   a - +0 short sword
rCold   + . .      Faith    +   (no shield)
rNeg    . . .      Spirit   .   b - +0 animal skin
rPois   .          Reflect  .   (no helmet)
rElec   .          Harm     .   (no cloak)
rCorr   +          Rampage  .   (no gloves)
Will    .....                   (no boots)
Stlth   +++.......              j - amulet of faith
HPRegen 0.08/turn               g - ring of resist corrosion
MPRegen 0.08/turn               l - ring of protection from cold

@: on berserk cooldown, hasted, very quick
A: small, no large weapons, nightstalker 3
a: Renounce Religion, Berserk


You were on level 3 of the Dungeon.
You worshipped Trog.
Trog was aware of your devotion.
You visited 1 branch of the dungeon, and saw 3 of its levels.

You collected 130 gold pieces.

Inventory:

Hand Weapons
 a - a +0 short sword (weapon)
Missiles
 c - 168 stones (quivered)
 m - 20 bolts
Armour
 b - a +0 animal skin (worn)
 h - a +0 scale mail
Jewellery
 g - a ring of resist corrosion (left hand)
 j - an amulet of faith (around neck)
 l - a ring of protection from cold (right hand)
 n - a +6 ring of intelligence
 p - a ring of magical power
Scrolls
 d - a scroll of enchant weapon {unknown}
 f - a scroll of magic mapping {unknown}
 o - a scroll of amnesia {unknown}
 q - a scroll of noise {unknown}
Potions
 i - a potion of mutation {unknown}
 k - a potion of lignification {unknown}


   Skills:
 + Level 3.7 Fighting
 + Level 5.1 Short Blades
 + Level 1.7 Armour
 + Level 2.5 Dodging
 + Level 1.0 Stealth


You had 2 spell levels left.
You didn't know any spells.
Your spell library contained the following spells:

 Spells                   Type           Power      Damage    Failure   Level
 Slow                     Hex            0%         N/A       41%         1
 Confusing Touch          Hex            0%         N/A       78%         3
 Vampiric Draining        Necr           0%         2d6       78%         3


Dungeon Overview and Level Annotations

Branches:
Dungeon (3/15)

Altars:


Innate Abilities, Weirdness & Mutations

You are small and have problems with some larger weapons.
You are completely attuned to the shadows.


Message History

Okay, then.
You hit the scorpion zombie but do no damage.
The scorpion zombie is lightly damaged.
The scorpion zombie hits you.
It was a potion of haste.
You feel yourself speed up.
You feel yourself speed up. The scorpion zombie misses you.
The scorpion zombie hits you.
* * * LOW HITPOINT WARNING * * *
You hit the scorpion zombie but do no damage.
The scorpion zombie is lightly damaged.
You completely miss the scorpion zombie.
The scorpion zombie is lightly damaged.
The scorpion zombie hits you but does no damage.
You hit the scorpion zombie.
The scorpion zombie is moderately damaged.
You hit the scorpion zombie but do no damage.
The scorpion zombie is moderately damaged.
The scorpion zombie hits you.
* * * LOW HITPOINT WARNING * * *
You barely miss the scorpion zombie.
The scorpion zombie is moderately damaged.
You hit the scorpion zombie.
The scorpion zombie is moderately damaged.
The scorpion zombie hits you.
* * * LOW HITPOINT WARNING * * *
You hit the scorpion zombie.
The scorpion zombie is moderately damaged.
You hit the scorpion zombie.
The scorpion zombie is heavily damaged.
The scorpion zombie hits you.
* * * LOW HITPOINT WARNING * * *
You hit the scorpion zombie.
The scorpion zombie is heavily damaged.
The scorpion zombie closely misses you.
You hit the scorpion zombie.
The scorpion zombie is severely damaged.
You hit the scorpion zombie.
The scorpion zombie is severely damaged.
The scorpion zombie hits you.
You die...

.#
.################
................#
.#.......######.##
.........# #..#
.........# ##@#
##.......# #Z#
.........# #(.
##.#.##### ##.#
.......# ..
...#...# ########


You could see a scorpion zombie.

Vanquished Creatures
  An adder (D:3)
  5 endoplasms
  4 goblins (D:1)
  4 hobgoblins
  3 kobolds (D:1)
  3 quokkas (D:2)
  2 bats
  2 frilled lizards (D:2)
  5 rats
29 creatures vanquished.

Notes
Turn   | Place    | Note
-------+----------+-------------------------------------------
     0 | D:1      | zap2161 the Kobold Berserker began the quest for the Orb.
     0 | D:1      | Reached XP level 1. HP: 14/14 MP: 1/1
   244 | D:1      | Reached XP level 2. HP: 18/19 MP: 2/2
   591 | D:1      | Found a faded altar of an unknown god.
   765 | D:1      | Reached XP level 3. HP: 24/24 MP: 3/3
   876 | D:1      | You fall into a shaft and drop 1 floor!
   891 | D:2      | Reached skill level 1 in Stealth
  1226 | D:3      | Reached skill level 5 in Short Blades
  1259 | D:3      | HP: 1/24 [scorpion zombie (3)]
  1262 | D:3      | Slain by a scorpion zombie

Illustrated notes

Levels and vault maps discovered:
D:1:      dpeg_arrival_morbid_curiosity, layout_basic,
          shapermc_ecumenical_altar_starsandcircs, minmay_octomino_j4
D:2:      layout_rooms, minmay_pentomino_pile
D:3:      layout_basic, grunt_decor_fettered

Skill      XL: |  1  2  3 |
---------------+----------+-----
Stealth        | 1 |  1.0
Short Blades   | 5 |  5.1
Fighting       | |  3.7
Armour         | |  1.7
Dodging        | |  2.5

Action                   || total
-------------------------++-------
Melee: Short sword       ||    81
Invok: Berserk           ||     3
  Use: Potion            ||     1
 Stab: Sleeping          ||     8
Armor: Animal skin       ||     9
Dodge: Dodged            ||    42

Table legend: (Time is in decaauts)
 A = Elapsed time spent in this place.
 B = Non-inter-level travel time spent in this place.
 C = Inter-level travel time spent in this place.
 D = Time resting spent in this place.
 E = Time spent auto-exploring this place.
 F = Levels seen in this place.
 G = Mean time per level.
                   A        B        C        D        E       F      G
               +--------+--------+--------+--------+--------+-----+--------+
         Total |   1271 |   1271 |      0 |      0 |      0 |   3 |  423.7 |
       Dungeon |   1271 |   1271 |      0 |      0 |      0 |   3 |  423.7 |
               +--------+--------+--------+--------+--------+-----+--------+

Top non-repeatable levels by time:
     D:1: 770 daAuts
     D:2: 444 daAuts
     D:3: 56 daAuts
